[Event "45th FIDE Olympiad 2024"]
[Site "Budapest"]
[Date "2024.09.11"]
[Round "1.20"]
[White "Harper, Ryan"]
[Black "Vakhidov, Jakhongir"]
[Result "0-1"]
[ECO "B36"]
[WhiteElo "2124"]
[BlackElo "2571"]
[Annotator "TA"]
[PlyCount "110"]
[EventDate "2024.09.05"]
[EventType "team-tourn"]
[EventCountry "HUN"]
[SourceTitle "playchess.com"]
[Source "ChessBase"]
[SourceQuality "1"]
[WhiteTeam "Trinidad & Tobago"]
[BlackTeam "Uzbekistan"]
[BlackTeamCountry "UZB"]
[TimeControl "40/5400+30:1800+30"]

1. e4 c5 2. Nf3 Nc6 3. d4 cxd4 4. Nxd4 g6 5. c4 Nf6 6. Nc3 d6 7. Be2 Nxd4 8. Qxd4 Bg7 9. O-O O-O 10. Qd3 a6 11. f3 Bd7 12. Be3 b5 13. cxb5 {[%emt 0:35:18] The position is equal.} axb5 14. a3 Rb8 15. b4 Qc7 16. Bd4 Bc6 (16... Rfc8 $11 17. Rac1 Ra8) 17. Rfc1 $14 {[%emt 0:01:58][%cal Oc3d5] Nd5! is the strong threat.} Qd8 18. a4 bxa4 19. b5 Bd7 20. Rxa4 Nh5 21. g3 {[%emt 0:13:52] Prevents Nf4.} Bxd4+ 22. Qxd4 Ng7 23. Rb1 Ne6 24. Qe3 Nc5 25. Rab4 Be6 (25... e5 $14) 26. b6 $16 Qc8 27. R1b2 (27. f4 $16) 27... Qc6 $14 28. Qd4 Rfc8 29. Kf2 Qb7 30. Na4 (30. g4 {is interesting.} Ra8 31. Bc4 Ra3 32. Nb5) 30... Ra8 31. Nc3 Ra3 {[%emt 0:00:16][%cal Oa3c3] And now ...Rxc3! would win.} 32. Nd5 Bxd5 33. Qxd5 (33. exd5 $11 Rca8 34. Qd2) 33... Qxd5 $15 34. exd5 Rb8 35. Bc4 Kg7 36. Ke2 Na4 {[%emt 0:00:40] Black is more active.} 37. R2b3 Rxb3 38. Bxb3 Nxb6 $17 {[%emt 0:00:53][%mdl 4096] Endgame. KRB-KRN} 39. f4 Nd7 40. Rxb8 Nxb8 $15 {[%emt 0:00:04] KB-KN. Black keeps a firm grip on the game.} 41. Ke3 Nd7 42. Kd4 {[%emt 0:00:38] [#]} (42. g4 $17) 42... f5 $1 $19 43. Bd1 Nf6 44. Bf3 Kh6 45. Be2 $2 {[%emt 0:00:00] [#]} (45. Bd1 {was the only chance.}) 45... Ng4 $1 46. h3 Nf6 47. g4 $2 (47. Bf3 Nh5 48. Kd3) 47... fxg4 48. hxg4 g5 49. f5 Kg7 50. Bd1 {[%emt 0:00:00] [#]} h5 $1 51. gxh5 Kh6 52. Be2 g4 53. Ke3 Kxh5 54. Kf4 Nxd5+ 55. Kg3 Nf6 {[%emt 0:00:00] Weighted Error Value: White=0.48/Black=0.08 (flawless) .  Mistake:       	White=5     	Black=2      Inaccurate:     	White=6     	Black=3      OK:         	White=12    	Black=14     Best:        	White=1     	Black=1      Strong:       	---       	Black=2} 0-1

[Event "45th FIDE Olympiad 2024"]
[Site "Budapest"]
[Date "2024.09.11"]
[Round "1.21"]
[White "Tran, Thanh Tu"]
[Black "Misambo, .J. Kilasa"]
[Result "1-0"]
[ECO "A05"]
[WhiteElo "2387"]
[BlackElo "1959"]
[Annotator "ChessBase"]
[PlyCount "97"]
[EventDate "2024.09.05"]
[EventType "team-tourn"]
[EventCountry "HUN"]
[SourceTitle "playchess.com"]
[Source "ChessBase"]
[SourceQuality "1"]
[WhiteTeam "Japan"]
[BlackTeam "Tanzania"]
[WhiteTeamCountry "JPN"]
[BlackTeamCountry "TAN"]
[TimeControl "40/5400+30:1800+30"]

1. Nf3 Nf6 2. g3 b5 3. Bg2 Bb7 4. d3 e6 5. e4 d6 6. O-O Be7 7. b3 O-O 8. Bb2 Nbd7 9. Nbd2 c5 10. Qe2 a6 11. Nh4 Qb6 12. Kh1 Ne8 13. f4 Bf6 14. e5 Bxh4 15. gxh4 dxe5 16. fxe5 Qc7 17. a4 Rc8 18. axb5 axb5 19. Rf2 Nb6 20. Ne4 Nd5 21. Ra7 Rb8 22. Nd6 b4 23. Rxb7 Rxb7 24. Nxb7 Qxb7 25. Rf1 Qe7 26. Qf2 Nec7 27. d4 cxd4 28. Bxd4 Qd7 29. h5 h6 30. Rg1 Nb5 31. Bc5 Rc8 32. Bf3 Qc7 33. Qg3 f5 34. Bxd5 exd5 35. Be3 d4 36. Bd2 Qb7+ 37. Qg2 Qxg2+ 38. Rxg2 Rxc2 39. e6 Nc7 40. e7 Kf7 41. Kg1 Nd5 42. Rxg7+ Ke8 43. Bxh6 Nxe7 44. Bg5 Nd5 45. h6 Kf8 46. Rd7 Ne3 47. Bxe3 dxe3 48. h7 Ke8 49. Rg7 1-0

[Event "45th FIDE Olympiad 2024"]
[Site "Budapest"]
[Date "2024.09.11"]
[Round "1.21"]
[White "El Jawich, Amro"]
[Black "Giri, Anish"]
[Result "0-1"]
[ECO "B80"]
[WhiteElo "2296"]
[BlackElo "2724"]
[Annotator "TA"]
[PlyCount "166"]
[EventDate "2024.09.05"]
[EventType "team-tourn"]
[EventCountry "HUN"]
[SourceTitle "playchess.com"]
[Source "ChessBase"]
[SourceQuality "1"]
[WhiteTeam "Lebanon"]
[BlackTeam "Netherlands"]
[WhiteTeamCountry "LBN"]
[BlackTeamCountry "NED"]
[TimeControl "40/5400+30:1800+30"]

1. e4 c5 2. Nc3 Nc6 3. Nge2 e6 4. g3 Nf6 5. Bg2 d6 6. d4 cxd4 7. Nxd4 Bd7 8. O-O Be7 9. Nxc6 {[%emt 0:05:55] B80: Sicilian Scheveningen: 6 g3 and 6 Be3, including English Attack.} Bxc6 10. Qe2 O-O 11. Rd1 Nd7 $146 ({Predecessor:} 11... Qa5 12. Bf4 Rfd8 13. a3 Rac8 14. Rd2 Ne8 15. Rad1 Bf6 16. e5 dxe5 17. Rxd8 Rxd8 18. Rxd8 Qxd8 19. Bxe5 Bxg2 20. Bxf6 Nxf6 21. Kxg2 {0-1 Vlachos,A (2438)-Moussard,J (2632) Paris-ch Rapid 2022 (5.4)}) 12. Nb5 Bxb5 13. Qxb5 Qc7 14. c3 Ne5 15. Bf4 a6 16. Qe2 b5 17. Bxe5 dxe5 18. a4 b4 19. cxb4 Bxb4 20. Rac1 Qb6 21. Qe3 Qxe3 22. fxe3 g6 23. Bf1 a5 24. Bc4 Rfd8 25. Kf2 Rac8 26. b3 $1 Bd2 27. Rb1 Rd6 28. Ke2 Rcd8 29. Rb2 Bb4 30. Rxd6 Rxd6 31. Bd3 g5 32. h3 h5 33. Rb1 Kg7 34. Rd1 Rd8 35. Bc4 Rh8 36. Kf3 Rh6 37. Bd3 Bc5 38. Rc1 g4+ 39. hxg4 hxg4+ 40. Kxg4 Bxe3 41. Rc2 Bd4 42. Rc4 Bf2 43. b4 axb4 44. Rxb4 Rg6+ 45. Kf3 Be1 (45... Bxg3 46. Rb2 $11) 46. Rb5 Rxg3+ (46... Bxg3 47. Rb2 $11) 47. Ke2 Bc3 48. Rb3 Bd4 49. a5 Rg2+ (49... f5 $17) 50. Kf3 (50. Kd1 $11 {keeps the balance.}) 50... Rf2+ $17 51. Kg3 Ra2 52. a6 Kg6 53. Kg4 Rg2+ 54. Kh3 Ra2 55. Kg4 Rf2 56. Ra3 (56. Rb8 $15) 56... Ba7 $17 57. Bc4 f5+ 58. Kg3 Kf6 (58... fxe4 $6 59. Bxe6 Kg5 60. Ra2 $11) 59. Ra2 Rf4 60. Bd3 Rg4+ 61. Kf3 Rh4 62. Kg3 Rh7 63. Rb2 f4+ 64. Kg4 Rg7+ 65. Kh4 Rg3 66. Bf1 {[%emt 0:00:38] [#]} (66. Bb5 $15) 66... Rg1 $1 $17 67. Bc4 Rc1 68. Be2 Rh1+ 69. Kg4 Rg1+ 70. Kh3 Rg3+ 71. Kh2 $2 (71. Kh4 $17) 71... Re3 $19 72. Bg4 $2 (72. Bd1) 72... Rxe4 $19 73. Rb7 Be3 74. Rc7 Ra4 75. Rc6 e4 $2 (75... Kg5 $19 76. Bxe6 e4) 76. Bxe6 $2 ({White should play} 76. Rxe6+ $15 Kf7 (76... Kg5 77. Kh3 $11) 77. Bf5) 76... Ke5 77. Bc8 (77. Bd7 $142 Ra5 (77... Ra2+ 78. Kh3 $15) 78. Rc8) 77... f3 $19 78. Re6+ Kf4 79. Bb7 Bc5 (79... Ra2+ $142 80. Kh3 f2 (80... Ra4 81. Bc6 $11)) 80. Rc6 Ra2+ 81. Kh3 Ra1 82. Rf6+ Ke5 83. Rf7 f2 0-1

[Event "45th FIDE Olympiad 2024"]
[Site "Budapest"]
[Date "2024.09.11"]
[Round "1.22"]
[White "Warmerdam, Max"]
[Black "Khoder, Akram"]
[Result "1-0"]
[ECO "A20"]
[WhiteElo "2679"]
[BlackElo "2239"]
[Annotator "TA"]
[PlyCount "85"]
[EventDate "2024.09.05"]
[EventType "team-tourn"]
[EventCountry "HUN"]
[SourceTitle "playchess.com"]
[Source "ChessBase"]
[SourceQuality "1"]
[WhiteTeam "Netherlands"]
[BlackTeam "Lebanon"]
[WhiteTeamCountry "NED"]
[BlackTeamCountry "LBN"]
[TimeControl "40/5400+30:1800+30"]

1. c4 e5 2. d3 Nf6 3. Nf3 Nc6 4. a3 a5 5. Nc3 Bc5 6. Bg5 h6 7. Bxf6 Qxf6 8. g3 {[%emt 0:00:38] The position is equal.} Nd4 9. Nd2 d6 10. e3 {[%emt 0:03:28][%cal Oc3e4] Hoping for Nce4!} Ne6 11. b4 Ba7 (11... axb4 $6 12. axb4 (12. Nd5 Qd8 $11) 12... Rxa1 13. Qxa1 $16) 12. Bg2 O-O 13. O-O c6 14. b5 Bd7 15. Rb1 $36 {[%emt 0:01:02][%mdl 2048] White has good play.} Qe7 16. b6 Bb8 17. Nf3 d5 18. cxd5 $16 cxd5 19. Nxd5 Qd6 {[%emt 0:02:04] [#]} (19... Qd8 $142 20. d4 Bc6) 20. Nd2 (20. Nh4 $1 $18 Ng5 21. f4 exf4 22. exf4) 20... Bc6 21. Nc4 {[%emt 0:00:37] A dynamic duo of knights.} Qd7 {[%emt 0:02:46] [#]} 22. e4 {[%emt 0:00:07] White is much more active.} ({White should try} 22. Nc3 $1) 22... Bxd5 (22... Nd4 $16) 23. exd5 $18 Nd4 24. Re1 a4 (24... f6 $16 {was called for.} 25. Qh5 Kh7) 25. Qh5 Ra6 (25... Qd8 {was worth a try.} 26. d6 (26. Nxe5 Nc2 $16) 26... Bxd6 27. Nxd6 (27. Bxb7 Rb8 $18) 27... Qxd6 28. Qxe5 Rad8 29. Qxd6 (29. Bxb7 Qxa3 30. Be4 Rfe8 $18) 29... Rxd6) 26. Re4 Nb3 27. Re3 Bd6 28. Rbe1 (28. Nxe5 Bxe5 29. Qxe5 (29. Rxe5 Rxb6 30. Re4 Rd6 $16) 29... Rxb6) 28... Na5 (28... Nd4 $16 {is a better defense.}) 29. Bh3 Qd8 30. Nxe5 Bxe5 31. Rxe5 Qd6 $2 (31... Nb3 32. Qg4 g6) 32. Re8 Ra8 33. Rxa8 Rxa8 34. Qg4 Nb3 $2 (34... Qxd5 {keeps fighting.} 35. Qxa4 Qd8) 35. Qd7 Qxd7 36. Bxd7 {[%emt 0:00:05][%mdl 4096] Endgame. KRB-KRN} Kf8 37. Kg2 (37. d6 $142 g6 38. Bc6) 37... g6 $2 {[%emt 0:00:47] [#]} (37... Nc5) 38. Bc6 $1 Rd8 (38... Nd4 39. Re4) 39. Bxb7 {[%emt 0:00:11] And now Bc6 would win.} Rb8 40. Bc6 {[%emt 0:00:08][%cal Oe1e8] Re8+! would now be deadly.} Rxb6 41. Re8+ ({Resist} 41. Bxa4 Nd4 42. Re8+ Kg7 $18) 41... Kg7 42. Ra8 Nd4 43. Rxa4 {[%emt 0:00:00] Weighted Error Value: White=0.28 (precise) /Black=0.38.  Mistake:       	White=3     	Black=9      Inaccurate:     	---       	Black=1      OK:         	White=13    	Black=11     Best:        	White=2     	Black=4} ({Don't do} 43. Bxa4 Kf6 44. Rc8 Ke5 $18) 1-0

[Event "45th FIDE Olympiad 2024"]
[Site "Budapest"]
[Date "2024.09.11"]
[Round "1.22"]
[White "Veer, Gandhi"]
[Black "Aoshima, Mirai"]
[Result "0-1"]
[ECO "D05"]
[WhiteElo "1792"]
[BlackElo "2385"]
[Annotator "ChessBase"]
[PlyCount "82"]
[EventDate "2024.09.05"]
[EventType "team-tourn"]
[EventCountry "HUN"]
[SourceTitle "playchess.com"]
[Source "ChessBase"]
[SourceQuality "1"]
[WhiteTeam "Tanzania"]
[BlackTeam "Japan"]
[WhiteTeamCountry "TAN"]
[BlackTeamCountry "JPN"]
[TimeControl "40/5400+30:1800+30"]

1. d4 Nf6 2. Nf3 e6 3. e3 c5 4. Bd3 d5 5. b3 Nc6 6. a3 cxd4 7. exd4 g6 8. O-O Bg7 9. Bb2 O-O 10. Ne5 Qb6 11. Nxc6 bxc6 12. Nd2 a5 13. Nf3 Ba6 14. Ne5 Rfd8 15. Bxa6 Qxa6 16. Qf3 Qb7 17. Rad1 Ne4 18. Rfe1 Rac8 19. Qd3 Qc7 20. f3 Nd6 21. Re2 Nf5 22. Qd2 c5 23. dxc5 Qxc5+ 24. Kh1 d4 25. Nc4 a4 26. Qd3 Qc7 27. Bc1 Ne3 28. Rde1 Nxc4 29. Qxc4 Qxc4 30. bxc4 Rxc4 31. Rd2 Rdc8 32. Kg1 Rxc2 33. Rxc2 Rxc2 34. Bf4 d3 35. Rd1 Bd4+ 36. Kh1 e5 37. Bh6 Ra2 38. Rb1 f5 39. h3 f4 40. Rd1 Ra1 41. Rxa1 Bxa1 0-1

[Event "45th FIDE Olympiad 2024"]
[Site "Budapest"]
[Date "2024.09.11"]
[Round "1.23"]
[White "Kojima, Shinya"]
[Black "Hassuji, Nurdin"]
[Result "1-0"]
[ECO "D46"]
[WhiteElo "2299"]
[BlackElo "1847"]
[Annotator "ChessBase"]
[PlyCount "61"]
[EventDate "2024.09.05"]
[EventType "team-tourn"]
[EventCountry "HUN"]
[SourceTitle "playchess.com"]
[Source "ChessBase"]
[SourceQuality "1"]
[WhiteTeam "Japan"]
[BlackTeam "Tanzania"]
[WhiteTeamCountry "JPN"]
[BlackTeamCountry "TAN"]
[TimeControl "40/5400+30:1800+30"]

1. d4 d5 2. c4 c6 3. Nc3 Nf6 4. e3 e6 5. Nf3 Bd6 6. Qc2 Nbd7 7. Bd3 a6 8. O-O O-O 9. Rd1 Re8 10. e4 dxe4 11. Nxe4 Nxe4 12. Bxe4 Nf6 13. Bg5 h6 14. Bh4 g5 15. Bg3 Nxe4 16. Qxe4 f5 17. Qc2 Bxg3 18. hxg3 Qf6 19. c5 Bd7 20. Qb3 Rab8 21. Ne5 Re7 22. a4 Kg7 23. a5 Be8 24. Ra4 Rc7 25. Rb4 Bf7 26. Rb6 Qd8 27. Rd3 Qd5 28. Qxd5 exd5 29. Rdb3 Be8 30. Rxa6 Kf6 31. Ra7 1-0

[Event "45th FIDE Olympiad 2024"]
[Site "Budapest"]
[Date "2024.09.11"]
[Round "1.23"]
[White "Arkadan, Adib"]
[Black "L'ami, Erwin"]
[Result "0-1"]
[ECO "D37"]
[WhiteElo "2181"]
[BlackElo "2628"]
[Annotator "RC"]
[PlyCount "126"]
[EventDate "2024.09.05"]
[EventType "team-tourn"]
[EventCountry "HUN"]
[SourceTitle "playchess.com"]
[Source "ChessBase"]
[SourceQuality "1"]
[WhiteTeam "Lebanon"]
[BlackTeam "Netherlands"]
[WhiteTeamCountry "LBN"]
[BlackTeamCountry "NED"]
[TimeControl "40/5400+30:1800+30"]

1. d4 Nf6 2. c4 e6 3. Nf3 d5 4. Nc3 Nbd7 5. Bf4 dxc4 6. e3 Nb6 7. Bxc4 Bd6 8. Bxd6 cxd6 9. Bd3 Nbd5 10. Nxd5 Nxd5 11. O-O Qb6 12. Qd2 Bd7 13. Rac1 O-O 14. e4 Ne7 15. Rfe1 h6 16. Bb1 Rfc8 17. h3 Rxc1 18. Rxc1 Rd8 19. Rc3 Ng6 20. Rb3 Qc7 21. Rc3 Qb8 22. Bc2 Be8 23. Bb3 a5 24. g3 Ne7 25. Kg2 b5 26. Qc1 Qb6 27. Qe3 Bc6 28. Kg1 a4 29. Bd1 Qb7 30. Nd2 Qb6 31. g4 Be8 32. Be2 e5 33. Nf3 f6 34. d5 Qb8 35. Ne1 Ng6 36. Ng2 Bd7 37. h4 Kh7 38. h5 Nh8 39. f3 Nf7 40. Ne1 Ng5 41. Nd3 b4 42. Rc1 b3 43. a3 Rc8 44. Rxc8 Qxc8 45. Qc1 Qb8 46. Kg2 g6 47. hxg6+ Kxg6 48. Qe3 Kh7 49. Nb4 h5 50. Nc6 Qb7 51. Na5 Qc7 52. Nc6 hxg4 53. fxg4 Qb7 54. Na5 Qc8 55. Nc4 Bxg4 56. Qa7+ Kg6 57. Qe3 Bxe2 58. Qxe2 Qh3+ 59. Kg1 Qg3+ 60. Kf1 Qf4+ 61. Qf2 Qc1+ 62. Kg2 Qxc4 63. Qf5+ Kg7 0-1

[Event "45th FIDE Olympiad 2024"]
[Site "Budapest"]
[Date "2024.09.11"]
[Round "1.24"]
[White "Bok, Benjamin"]
[Black "Assaad, Joe"]
[Result "1-0"]
[ECO "A30"]
[WhiteElo "2596"]
[BlackElo "2150"]
[Annotator "TA"]
[PlyCount "87"]
[EventDate "2024.09.05"]
[EventType "team-tourn"]
[EventCountry "HUN"]
[SourceTitle "playchess.com"]
[Source "ChessBase"]
[SourceQuality "1"]
[WhiteTeam "Netherlands"]
[BlackTeam "Lebanon"]
[WhiteTeamCountry "NED"]
[BlackTeamCountry "LBN"]
[TimeControl "40/5400+30:1800+30"]

1. c4 b6 2. g3 Bb7 3. Nf3 e6 4. Bg2 c5 5. O-O Nf6 6. Nc3 Be7 7. d4 cxd4 8. Qxd4 Nc6 9. Qf4 O-O 10. Rd1 d6 11. b3 a6 12. Ba3 d5 13. cxd5 $1 {[%emt 0:01:02] White is better.} exd5 14. Bb2 {[%emt 0:15:05] White has more active pieces.} Bd6 15. Qd2 Ne7 16. Nh4 Rc8 17. Rac1 Bc5 (17... Re8 $16) 18. Na4 $18 Ba8 $2 (18... Nd7 {was called for.} 19. Qg5 g6) 19. Bxf6 gxf6 20. b4 Qd7 (20... Bd6 $142 21. Rxc8 Qxc8 22. Nxb6 Qe6) 21. Nxc5 bxc5 22. bxc5 (22. Rxc5 Rxc5 23. bxc5 Rd8) 22... Qe6 23. Rc3 Rfe8 24. Re3 Qg4 25. Qc3 Nf5 26. Nxf5 Qxf5 27. Rxe8+ Rxe8 28. e3 {[%emt 0:00:09] Black must now prevent c6.} Bc6 29. Qd3 Qxd3 30. Rxd3 {[%emt 0:00:01][%mdl 4096] Endgame. KRB-KRB} Rd8 31. Rd4 f5 32. Kf1 Kg7 33. Ke2 Kf6 34. Kd2 {[%emt 0:00:39] And now Rb4 would win.} Rb8 (34... a5 {was worth a try.} 35. Rh4 Kg7) 35. Bxd5 Bxd5 36. Rxd5 {[%emt 0:00:01] KR-KR} Rb2+ 37. Kc3 Rxa2 (37... Rb1 $142 38. Rd6+ Ke5 39. f4+ (39. Rxa6 h5 $18) 39... Ke4 40. Rxa6 Re1) 38. c6 {[%emt 0:00:18] [#] Intending c7 and mate.} Ra1 39. Kb2 Ra4 40. Kb3 Ra1 41. Rc5 {[%emt 0:30:30] White threatens c7 and mate.} Rb1+ 42. Ka4 {[%emt 0:00:18] [#] White wants to mate with c7.} Rb8 43. c7 (43. Ka5 $142 Rc8 44. c7 (44. Kxa6 Re8 $18) 44... h5 45. Kxa6 Rh8 46. Kb7 (46. c8=B Kg7 $18) (46. c8=R Rh7 $18) (46. c8=Q Rxc8 47. Rxc8 Ke6 $18) 46... Rg8 47. c8=Q (47. c8=B h4 $18) (47. c8=R Rg4 $18) 47... Rxc8 48. Kxc8 (48. Rxc8 Ke7 $18)) 43... Rc8 44. Ka5 {[%emt 0:00:05] Black did not feel at home in the position after the opening.   Weighted Error Value: White=0.19 (very precise) /Black=0.63.  Mistake:       	---       	Black=5      Inaccurate:     	White=1     	Black=2      OK:         	White=8     	Black=5      Best:        	White=3     	---        Strong:       	White=1     	---} 1-0

[Event "45th FIDE Olympiad 2024"]
[Site "Budapest"]
[Date "2024.09.11"]
[Round "1.24"]
[White "Lusako, Shedrack"]
[Black "Yamada, Kohei"]
[Result "0-1"]
[ECO "B90"]
[WhiteElo "1760"]
[BlackElo "2178"]
[Annotator "ChessBase"]
[PlyCount "100"]
[EventDate "2024.09.05"]
[EventType "team-tourn"]
[EventCountry "HUN"]
[SourceTitle "playchess.com"]
[Source "ChessBase"]
[SourceQuality "1"]
[WhiteTeam "Tanzania"]
[BlackTeam "Japan"]
[WhiteTeamCountry "TAN"]
[BlackTeamCountry "JPN"]
[TimeControl "40/5400+30:1800+30"]

1. e4 c5 2. Nf3 d6 3. d4 cxd4 4. Nxd4 Nf6 5. Nc3 a6 6. a4 e5 7. Nb3 Be7 8. Bc4 O-O 9. O-O Qc7 10. Nd5 Nxd5 11. Bxd5 Nd7 12. Be3 Nf6 13. a5 Nxd5 14. exd5 Bd7 15. Nd2 f5 16. c4 Rae8 17. Qb3 Kh8 18. f3 Bf6 19. Rac1 Qb8 20. Bb6 Bg5 21. Be3 Qd8 22. Bxg5 Qxg5 23. Qxb7 Bc8 24. Qb4 e4 25. fxe4 fxe4 26. Qxd6 Rf6 27. Rxf6 gxf6 28. Rf1 f5 29. Qf4 Qg7 30. b3 Qc3 31. d6 Qxa5 32. Qe3 Qe5 33. Nb1 Qxd6 34. Nc3 Be6 35. Rd1 Qe5 36. Qd4 Qxd4+ 37. Rxd4 Rb8 38. Nxe4 fxe4 39. Rxe4 Bf7 40. Re3 Kg7 41. Kf2 a5 42. Ke2 Rxb3 43. Re7 Kf6 44. Rc7 a4 45. g4 a3 46. h4 a2 47. Ra7 Bxc4+ 48. Kf2 Rb1 49. Rxh7 a1=Q 50. g5+ Ke5 0-1

[Event "45th FIDE Olympiad 2024"]
[Site "Budapest"]
[Date "2024.09.11"]
[Round "1.25"]
[White "Christiansen, Johan-Sebastian"]
[Black "Lee, Junhyeok"]
[Result "1-0"]
[ECO "B94"]
[WhiteElo "2661"]
[BlackElo "2364"]
[Annotator "TA"]
[PlyCount "33"]
[EventDate "2024.09.05"]
[EventType "team-tourn"]
[EventCountry "HUN"]
[SourceTitle "playchess.com"]
[Source "ChessBase"]
[SourceQuality "1"]
[WhiteTeam "Norway"]
[BlackTeam "South Korea"]
[WhiteTeamCountry "NOR"]
[TimeControl "40/5400+30:1800+30"]

1. e4 c5 2. Nf3 d6 3. d4 cxd4 4. Nxd4 Nf6 5. Nc3 a6 6. Bg5 Nbd7 7. Bc4 e6 8. Qe2 b5 9. Bb3 Qc7 10. O-O-O {[%emt 0:08:10][%cal Ob3e6] White is slightly better.} b4 {[%emt 0:02:23] [#]} 11. Nd5 exd5 12. exd5+ Be7 13. Rde1 {[%emt 0:19:48] [#]} (13. Nf5 Ne5 14. Nxg7+ Kf8 $19) (13. Nc6 $1 $14 {stays ahead.} Ne5 14. Nxe5 dxe5 15. d6 Bxd6 16. Bxf6 gxf6 17. Qf3) 13... O-O $2 {[%emt 0:08:50][%mdl 8192] This costs Black the game.} 14. Qxe7 $18 {[%emt 0:00:06] Bxf6 is the strong threat.} Re8 15. Qxe8+ Nxe8 16. Rxe8+ Nf8 17. Rhe1 {[%emt 0:09:19] Weighted Error Value: White=0.21 (precise) /Black=0.85.  Loses game:     	---       	Black=1      Mistake:       	White=1     	---        Inaccurate:     	---       	Black=2      OK:         	White=5     	Black=3      Best:        	White=1     	Black=1} 1-0

[Event "45th FIDE Olympiad 2024"]
[Site "Budapest"]
[Date "2024.09.11"]
[Round "1.25"]
[White "Murphy, Jones"]
[Black "Zhakshylykov, Erzhan"]
[Result "0-1"]
[ECO "C54"]
[WhiteElo "2021"]
[BlackElo "2327"]
[Annotator "ChessBase"]
[PlyCount "66"]
[EventDate "2024.09.05"]
[EventType "team-tourn"]
[EventCountry "HUN"]
[SourceTitle "playchess.com"]
[Source "ChessBase"]
[SourceQuality "1"]
[WhiteTeam "Dominica"]
[BlackTeam "Kyrgyzstan"]
[WhiteTeamCountry "DMA"]
[BlackTeamCountry "KGZ"]
[TimeControl "40/5400+30:1800+30"]

1. e4 e5 2. Nf3 Nc6 3. Bc4 Bc5 4. c3 Nf6 5. d4 exd4 6. cxd4 Bb4+ 7. Nc3 Nxe4 8. O-O Bxc3 9. d5 Bf6 10. Re1 Ne7 11. Rxe4 d6 12. Bg5 Bxg5 13. Nxg5 h6 14. Qe2 hxg5 15. Re1 Be6 16. dxe6 f6 17. Re3 c6 18. Rh3 Rxh3 19. gxh3 g6 20. b4 Kf8 21. Qb2 Kg7 22. Re3 Qb6 23. Rg3 d5 24. Bd3 c5 25. Rg4 c4 26. Bf1 Rc8 27. Qc3 Nf5 28. e7 Qe6 29. h4 Qe5 30. Qh3 Qxe7 31. hxg5 fxg5 32. Qg2 c3 33. Qxd5 c2 0-1

[Event "45th FIDE Olympiad 2024"]
[Site "Budapest"]
[Date "2024.09.11"]
[Round "1.26"]
[White "Khoroshev, Nikita"]
[Black "Bridet, Robert"]
[Result "1-0"]
[ECO "C65"]
[WhiteElo "2355"]
[BlackElo "1697"]
[Annotator "ChessBase"]
[PlyCount "43"]
[EventDate "2024.09.05"]
[EventType "team-tourn"]
[EventCountry "HUN"]
[SourceTitle "playchess.com"]
[Source "ChessBase"]
[SourceQuality "1"]
[WhiteTeam "Kyrgyzstan"]
[BlackTeam "Dominica"]
[WhiteTeamCountry "KGZ"]
[BlackTeamCountry "DMA"]
[TimeControl "40/5400+30:1800+30"]

1. e4 e5 2. Nf3 Nc6 3. Bb5 Bc5 4. c3 Nf6 5. O-O O-O 6. d4 Bb6 7. dxe5 Nxe4 8. Qd5 Nc5 9. Be3 Ne7 10. Qd1 h6 11. Nbd2 Nf5 12. Bd4 Nxd4 13. cxd4 Ne6 14. d5 Nf4 15. d6 f6 16. Ne4 fxe5 17. Bc4+ Kh8 18. g3 Ng6 19. Nfg5 Qe8 20. Qh5 Rf5 21. Bf7 Rxf7 22. Qxg6 1-0